 Dungeon Crawl Stone Soup version 0.19-a0-1384-gbb462ca (webtiles) character file.

52071 mopl the Brawler (level 14, -2/136 HPs)
             Began as a Troll Wizard on Sept 2, 2016.
             Was an Elder of Cheibriados.
             Slain by Donald
             ... wielding a +0 double sword
              (41 damage)
             ... on level 2 of the Orcish Mines on Sept 3, 2016.
             The game lasted 01:28:43 (15284 turns).

mopl the Brawler (Troll Wizard)                    Turns: 15284, Time: 01:28:44

Health: -2/136     AC: 11    Str: 27    XL:     14   Next: 25%
Magic:  5/17       EV: 15    Int: 25    God:    Cheibriados [****..]
Gold:   258        SH: 11    Dex: 19    Spells: 8 memorised, 5 levels left

rFire  . . .     SeeInvis +       - Unarmed
rCold  . . .     Gourm    +     X - +0 robe {MR+}
rNeg   . . .     Faith    .     P - +0 shield
rPois  .         Spirit   .     c - +2 hat
rElec  .         Dismiss  .     f - +0 cloak
rCorr  .         Reflect  .     (gloves unavailable)
MR     ++...     Harm     .     (boots unavailable)
Stlth  ++........               (no amulet)
                                q - ring of see invisible
                                W - +3 ring of protection

@: very slightly contaminated, repel missiles, very slow
A: unfitting armour, claws 3, repulsion field 1, fast metabolism 3, gourmand,
regeneration 1, shaggy fur 1, tough skin 2
a: Bend Time, Temporal Distortion, Slouch, Renounce Religion


You were on level 2 of the Orcish Mines.
You worshipped Cheibriados.
Cheibriados was greatly pleased with you.
You were very full.

You visited 4 branches of the dungeon, and saw 22 of its levels.
You also visited: Ice Cave and Volcano.

You collected 1888 gold pieces.
You spent 1630 gold pieces at shops.

Inventory:

Missiles
 p - 5 tomahawks of returning
 y - 36 tomahawks (quivered)
 M - 2 large rocks
 T - 4 throwing nets
Armour
 c - a +2 hat (worn)
 f - a +0 cloak (worn)
 t - the +18 shield of the Gong {rElec rN+ MR+ EV-5}
   (You found it on level 5 of the Lair of Beasts)

   It affects your evasion (-5).
   It insulates you from electricity.
   It protects you from negative energy.
   It affects your resistance to hostile enchantments.
 I - a +1 robe of fire resistance
 P - a +0 shield (worn)
 X - a +0 robe of magic resistance (worn)
Jewellery
 q - a ring of see invisible (right claw)
 z - an uncursed ring of protection from cold
 A - a +5 ring of dexterity
 W - a +3 ring of protection (left claw)
Wands
 b - a wand of teleportation (4/9)
 h - a wand of iceblast (7/15)
 E - a wand of digging (6/24)
 J - a wand of paralysis (4/24)
 U - a wand of lightning (7/15)
 Z - a wand of heal wounds (4/9)
Scrolls
 g - 3 scrolls of teleportation
 i - 2 scrolls of enchant weapon
 k - a scroll of identify
 l - 7 scrolls of immolation {!r}
 r - a scroll of fog
 x - a scroll of torment {!r}
 C - 4 scrolls of amnesia
 D - a scroll of remove curse
 L - 4 scrolls of magic mapping
 Q - a scroll of fear
 Y - 5 scrolls of enchant armour
Potions
 a - 4 potions of resistance
 e - 2 potions of ambrosia
 j - 3 potions of heal wounds
 m - a potion of lignification {!q}
 n - 4 potions of magic
 s - 10 potions of curing
 B - 5 potions of might
 F - 2 potions of flight
 K - 2 potions of invisibility
 N - 2 potions of agility
 V - 2 potions of brilliance
Books
 w - a book of Burglary

   Spells                             Type                      Level
   a - Swiftness                      Charms/Air                   2
   b - Passwall                       Transmutation/Earth          2
   c - Passage of Golubria            Translocation                4
   d - Lee's Rapid Deconstruction     Earth                        5
   e - Darkness                       Hexes                        6
   f - Invisibility                   Hexes                        6
Miscellaneous
 O - a phial of floods (inert)
 R - a box of beasts
Comestibles
 d - 14 bread rations
 o - a slice of pizza
 u - 2 chunks of flesh


   Skills:
 + Level 8.2 Fighting
 + Level 6.8 Dodging
 - Level 1.1 Stealth
 + Level 4.8 Shields
 * Level 15.4 Unarmed Combat
 + Level 2.9 Spellcasting
 - Level 3.0 Conjurations
 - Level 5.0 Hexes
   Level 0.6 Summonings
 - Level 5.0 Translocations
 - Level 5.0 Air Magic
 - Level 3.0 Poison Magic


You had 5 spell levels left.
You knew the following spells:

 Your Spells              Type           Power        Failure   Level  Hunger
a - Apportation           Tloc           ####......   3%          1    None
b - Magic Dart            Conj           ###.         10%         1    None
c - Confusing Touch       Hex            ####..       3%          1    None
d - Mephitic Cloud        Conj/Pois/Air  ###.....     21%         3    ###....
e - Blink                 Tloc           N/A          6%          2    ##.....
i - Repel Missiles        Chrm/Air       ###...       14%         2    ##.....
p - Passwall              Tmut/Erth      #.........   38%         2    ##.....
x - Animate Skeleton      Necr           N/A          28%         1    None


Dungeon Overview and Level Annotations

Branches:
Dungeon (13/15)            Temple (1/1) D:6            Lair (6/6) D:9
 Shoals (0/4) Lair:2        Snake (0/4) Lair:3          Orc (2/2) D:10
    Elf (0/3) Orc:2
  Slime: Lair:5-6    Vaults: D:13-14

Altars:
Cheibriados
Fedhas
Kikubaaqudgha
Okawaru
Qazlal
Ru
Vehumet
Xom
The Shining One
Beogh

Shops:
D:5 (   D:6 !}}!?   D:7 :   D:11 [   D:12 ?   Orc:2 !?

Annotations:
Lair:5 exclusion: downstairs
Orc:2 Donald


Innate Abilities, Weirdness & Mutations

You are too large for most types of armour.
You have claws for hands.
Your metabolism is lightning-fast.
You like to eat raw meat.
Your natural rate of healing is unusually fast.
You are covered in fur. (AC +1)
You have very tough skin. (AC +2)
You are surrounded by a mild repulsion field. (EV +2)


Message History

Donald seems less confused.
Donald no longer looks unusually strong.
Donald says, "I'll never be able to carry all this gold!
I hate that."
Donald casts a spell.
Donald seems to grow stronger.
An orc comes into view. It is wielding an enchanted flail.
Casting: Blink
Confirm with . or Enter, or press ? or * to list all spells.
Aiming: Mephitic Cloud
Press: ? - help, Shift-Dir - straight line, f/p - Donald
Aim: Donald, wielding a double sword, wearing a shiny plate armour and wearing a shield (moderately wounded, unusually strong)
You miscast Mephitic Cloud.
You are very lightly contaminated with residual magic.
Nothing appears to happen.
The orc shouts!
Unknown command.
Casting: Mephitic Cloud
Confirm with . or Enter, or press ? or * to list all spells.
You miscast Blink.
Your skin tingles.
Donald hits you with a double sword!!!
You die...

#.≈≈#...#≈≈.....##...
#.≈≈##.##≈≈..#..#....
#.≈≈≈≈≈≈≈≈≈..#..#...8
#..≈≈≈≈≈≈≈o.....#..._
#.......o.......##...
###.....#........##.∩
##.o#.####.......### .# #..@###
###.....o. .. ##.@### #........ #
.## #....### #........ ## .#§.###
##..<..# ##....... ..###§§§§.##
#......### ##......
#.##..§§§§§####........###.......
#.##...8§.§.##..........#........
#.....)§§.§.#...o.......###......
#.....#§..........#.....#........
#.....#...........##.............


You could see Donald and 2 orcs.

Vanquished Creatures
  An orc warlord (Orc:2)
  A frost giant (IceCv)
  Snorg (D:11)
  Harold (D:10)
  An ice dragon (Lair:4)
  A hydra (Lair:1)
  Erica (D:9)
  2 death yaks
  2 orc high priests (Orc:2)
  A fire crab (Lair:5)
  2 unseen horrors (D:11)
  Pikel (D:5)
  2 orc knights
  A hill giant (D:11)
  An orc sorcerer (Orc:2)
  A cyclops (D:12)
  9 deep elf magi
  A manticore (D:11)
  A griffon (Lair:3)
  The ghost of Ruebezahl the Skirmisher, a novice GrCK of Xom (D:6)
  4 elephants (Lair:4)
  2 centaur zombies
  3 black mambas
  A siren (Lair:2)
  An ice statue (IceCv)
  Psyche (D:9)
  7 spiny frogs
  A komodo dragon (Lair:3)
  A rime drake (Lair:5)
  2 two-headed ogres (D:10)
  A merfolk (Lair:2)
  3 trolls
  18 polar bears
  5 blink frogs (Lair:2)
  3 vampires
  A flying skull (Volcano)
  A shadow (D:12)
  45 yaks
  A wyvern (D:8)
  4 hogs (D:7)
  8 hippogriffs
  Eustachio (D:5)
  A fire bat (Lair:2)
  A human (D:7)
  A steam dragon (Lair:5)
  A hungry ghost (D:12)
  A basilisk (D:9)
  4 wargs
  Edmund (D:5)
  13 water moccasins
  2 hell hounds (Lair:5)
  6 porcupines
  20 orc warriors
  3 sky beasts
  An ice beast (D:7)
  A swamp drake (D:10)
  3 slaves (D:5)
  A black bear (D:12)
  A phantom (D:4)
  A necrophage (D:12)
  6 ogres
  25 wolves
  15 centaurs
  14 crocodiles
  2 big kobolds
  11 giant frogs
  A water moccasin zombie (D:7)
  A wyvern zombie (D:10)
  A wyvern skeleton (D:12)
  A scorpion (D:12)
  5 killer bees (D:11)
  2 howler monkeys
  An electric eel (Orc:2)
  4 crimson imps
  3 quasits
  A centaur skeleton (D:12)
  2 giant frog skeletons
  6 hounds
  3 jellies
  23 orc priests
  21 orc wizards
  8 iguanas
  Natasha (thrice) (D:4)
  12 hell rats (Lair:4)
  2 worker ants
  A killer bee zombie (D:9)
  The ghost of mopl the Magician, a weakling TrWz (D:5)
  2 hound zombies (D:7)
  2 hound skeletons
  A mummy (Volcano)
  Robin (D:2)
  5 gnolls
  11 adders
  24 river rats
  An ooze (D:4)
  3 adder skeletons
  An adder zombie (D:9)
  A worm (D:2)
  4 dart slugs
  2 giant geckos
  98 orcs
  2 giant cockroaches (D:4)
  13 goblins
  17 hobgoblins
  17 jackals
  11 quokkas
  A ball python (D:4)
  5 bats
  3 giant newts
  A jackal skeleton (D:7)
  27 kobolds
  A quokka skeleton (D:6)
  A quokka zombie (D:8)
  3 rats
  A fungus (Lair:2)
642 creatures vanquished.

Vanquished Creatures (collateral kills)
  An orc (D:7)
1 creature vanquished.

Vanquished Creatures (others)
  A polar bear (IceCv)
  A yak (IceCv)
  4 wolves (IceCv)
  3 fungi
  6 plants
15 creatures vanquished.

Grand Total: 658 creatures vanquished

Notes
Turn   | Place    | Note
-------+----------+-------------------------------------------
     0 | D:1      | mopl the Troll Wizard began the quest for the Orb.
     0 | D:1      | Reached XP level 1. HP: 16/16 MP: 2/2
    37 | D:2      | Reached skill level 1 in Unarmed Combat
    93 | D:1      | Reached XP level 2. HP: 23/24 MP: 4/4
   167 | D:2      | Reached skill level 2 in Unarmed Combat
   288 | D:3      | Reached XP level 3. HP: 29/31 MP: 5/5
   339 | D:2      | Learned a level 2 spell: Blink
   343 | D:2      | Learned a level 3 spell: Mephitic Cloud
   379 | D:3      | Reached skill level 3 in Unarmed Combat
   379 | D:3      | Reached XP level 4. HP: 20/39 MP: 6/6
   405 | D:3      | Reached skill level 1 in Conjurations
   570 | D:2      | Reached XP level 5. HP: 26/45 MP: 0/7
   574 | D:2      | Reached skill level 4 in Unarmed Combat
   575 | D:2      | Noticed Robin
   640 | D:2      | Killed Robin
   967 | D:3      | Reached skill level 1 in Poison Magic
   990 | D:4      | Noticed Natasha
   997 | D:4      | Killed Natasha
   997 | D:4      | Reached skill level 1 in Air Magic
  1095 | D:4      | Got an ominously black robe
  1106 | D:4      | Identified the +1 robe of Litroum {Str+2 Int+4} (You found it on level 4 of the Dungeon)
  1295 | D:4      | Noticed Natasha
  1309 | D:4      | Killed Natasha
  1309 | D:4      | Reached XP level 6. HP: 39/53 MP: 8/8
  1526 | D:5      | Entered Level 5 of the Dungeon
  1532 | D:6      | Noticed Ruebezahl's ghost (novice GrCK)
  1540 | D:5      | Noticed Edmund
  1549 | D:5      | Noticed a slave
  1549 | D:5      | Noticed a slave
  1590 | D:5      | Killed Edmund
  1590 | D:5      | Reached skill level 5 in Unarmed Combat
  1593 | D:5      | Killed a slave
  1878 | D:4      | Reached skill level 2 in Poison Magic
  1878 | D:4      | Reached XP level 7. HP: 46/59 MP: 9/9
  1892 | D:4      | Reached skill level 2 in Air Magic
  1897 | D:4      | Learned a level 2 spell: Repel Missiles
  1952 | D:4      | Reached skill level 6 in Unarmed Combat
  2012 | D:4      | Noticed Natasha
  2017 | D:4      | Killed Natasha
  2230 | D:5      | Found Tebreummou's Weapon Shop.
  2231 | D:5      | Noticed Eustachio
  2232 | D:5      | Noticed mopl's ghost (weakling TrWz)
  2266 | D:5      | Killed Eustachio
  2266 | D:5      | Reached skill level 7 in Unarmed Combat
  2273 | D:5      | Noticed Pikel
  2298 | D:5      | Killed mopl's ghost
  2318 | D:5      | Killed Pikel
  2318 | D:5      | Reached skill level 8 in Unarmed Combat
  2318 | D:5      | Reached skill level 3 in Air Magic
  2318 | D:5      | Reached XP level 8. HP: 45/67 MP: 7/10
  2637 | D:7      | Reached skill level 2 in Dodging
  2645 | D:7      | Found Jasinir's Book Shop.
  2650 | D:7      | Learned a level 1 spell: Confusing Touch
  2652 | D:7      | Learned a level 1 spell: Apportation
  2695 | D:6      | Found Tulou's Distillery.
  2707 | D:6      | Found Cihasets's Gadget Boutique.
  2725 | D:6      | Reached skill level 1 in Fighting
  2775 | D:7      | Reached skill level 1 in Translocations
  2999 | D:8      | Reached XP level 9. HP: 76/76 MP: 11/11
  3104 | D:7      | Reached skill level 1 in Hexes
  3188 | D:7      | Reached skill level 9 in Unarmed Combat
  3188 | D:7      | Reached skill level 4 in Air Magic
  3200 | D:7      | Reached skill level 2 in Fighting
  3231 | D:7      | Reached skill level 2 in Translocations
  3364 | D:6      | Bought a potion of invisibility for 112 gold pieces
  3364 | D:6      | Bought a potion of curing for 42 gold pieces
  3364 | D:6      | Bought a potion of agility for 56 gold pieces
  3364 | D:6      | Bought a potion of mutation for 35 gold pieces
  3381 | D:6      | Killed Ruebezahl's ghost
  3554 | D:7      | Reached skill level 2 in Hexes
  3903 | D:6      | Found Vupraad's Gadget Boutique.
  3966 | D:6      | Found Gaer's Distillery.
  3974 | D:6      | Bought a potion of heal wounds for 70 gold pieces
  3974 | D:6      | Bought a potion of degeneration for 14 gold pieces
  4071 | D:6      | Bought a potion of might for 56 gold pieces
  4749 | D:6      | Bought a potion of flight for 42 gold pieces
  4777 | D:6      | Found Poemin's Magic Scroll Boutique.
  4939 | D:7      | Reached skill level 10 in Unarmed Combat
  5368 | D:8      | Reached skill level 3 in Fighting
  5680 | D:9      | Reached XP level 10. HP: 91/91 MP: 12/12
  5698 | D:9      | Noticed Erica
  5721 | D:9      | Noticed Psyche
  5727 | D:9      | Killed Erica
  5727 | D:9      | Reached skill level 3 in Translocations
  5743 | D:9      | Killed Psyche
  5810 | D:9      | Learned a level 1 spell: Animate Skeleton
  5822 | D:10     | Entered Level 10 of the Dungeon
  5955 | D:11     | Found Qatistreicu's Armour Emporium.
  5963 | D:11     | Noticed an unseen horror
  5969 | D:11     | Killed an unseen horror
  6011 | D:11     | Reached skill level 3 in Hexes
  6071 | D:12     | Reached skill level 5 in Air Magic
  6188 | D:12     | Noticed a deep elf mage
  6198 | D:12     | Killed a deep elf mage
  6198 | D:12     | Reached skill level 4 in Fighting
  6198 | D:12     | Reached skill level 11 in Unarmed Combat
  6285 | D:13     | Noticed a griffon
  6289 | D:13     | Noticed a centaur warrior
  6310 | D:12     | Reached skill level 4 in Translocations
  6421 | D:12     | Noticed an orc knight
  6482 | D:12     | Killed an orc knight
  6482 | D:12     | Reached XP level 11. HP: 63/101 MP: 3/13
  6564 | D:11     | Noticed Snorg
  6697 | D:11     | Noticed a hill giant
  6709 | D:11     | Killed a hill giant
  6714 | D:11     | Noticed an unseen horror
  6791 | D:11     | Killed an unseen horror
  6846 | D:11     | Reached skill level 4 in Hexes
  6864 | D:11     | Killed Snorg
  6864 | D:11     | Reached skill level 5 in Fighting
  6937 | D:10     | You fall through a shaft for 2 floors!
  7104 | D:12     | Reached skill level 12 in Unarmed Combat
  7183 | D:11     | Got an ancient zirconium amulet
  7185 | D:11     | Identified the amulet "Iwiruuwn" {+Rage rC- rN+ Str+4} (You found it on level 11 of the Dungeon)
  7598 | D:10     | Noticed Harold
  7625 | D:10     | Killed Harold
  7625 | D:10     | Reached skill level 3 in Dodging
  7625 | D:10     | Reached skill level 5 in Translocations
  7846 | D:12     | Found Wibbeim's Magic Scroll Shop.
  7852 | D:12     | Bought a scroll of identify for 34 gold pieces
  7852 | D:12     | Bought a scroll of identify for 34 gold pieces
  7852 | D:12     | Bought a scroll of identify for 34 gold pieces
  7852 | D:12     | Bought a scroll of teleportation for 51 gold pieces
  7852 | D:12     | Bought a scroll of noise for 17 gold pieces
  7852 | D:12     | Bought a scroll of fear for 59 gold pieces
  7852 | D:12     | Bought a scroll of remove curse for 51 gold pieces
  8397 | D:9      | Reached XP level 12. HP: 22/113 MP: 1/14
  8551 | D:9      | Found a staircase to the Lair.
  8715 | Lair:1   | Entered Level 1 of the Lair of Beasts
  8796 | Lair:1   | Got an encrusted dagger
  8797 | Lair:1   | Identified the cursed +3 dagger of Lugh {pierce, rN+ Dex+3} (You found it on level 1 of the Lair of Beasts)
  8870 | Lair:3   | Reached skill level 6 in Fighting
  8870 | Lair:3   | Reached skill level 5 in Hexes
  9268 | Lair:1   | Noticed a four-headed hydra
  9283 | Lair:1   | Killed a ten-headed hydra
  9283 | Lair:1   | Reached skill level 13 in Unarmed Combat
  9376 | Lair:1   | Reached skill level 4 in Dodging
  9616 | Lair:2   | Found a staircase to the Shoals.
  9622 | Lair:2   | Reached skill level 2 in Conjurations
  9766 | Lair:2   | Reached skill level 3 in Poison Magic
  9973 | Lair:3   | Found a staircase to the Snake Pit.
 10188 | Lair:4   | Reached skill level 3 in Conjurations
 10194 | Lair:4   | Reached skill level 5 in Dodging
 10270 | Lair:4   | Found a frozen archway.
 10273 | Lair:4   | Noticed an ice dragon
 10326 | Lair:4   | Killed an ice dragon
 10326 | Lair:4   | Reached skill level 1 in Shields
 10390 | IceCv    | Entered an ice cave
 10470 | IceCv    | Reached XP level 13. HP: 101/123 MP: 3/15
 10553 | IceCv    | Reached skill level 7 in Fighting
 10770 | IceCv    | Reached skill level 14 in Unarmed Combat
 10785 | IceCv    | Reached skill level 2 in Shields
 11151 | IceCv    | Noticed a frost giant
 11175 | IceCv    | Killed a frost giant
 11180 | IceCv    | Reached skill level 3 in Shields
 11766 | Lair:5   | Found a dark tunnel.
 11820 | Volcano  | Entered a volcano
 11865 | Volcano  | Reached skill level 6 in Dodging
 12096 | Lair:6   | Entered Level 6 of the Lair of Beasts
 12404 | Lair:5   | Reached skill level 4 in Shields
 12417 | Lair:5   | Learned a level 2 spell: Passwall
 12860 | D:6      | Bought a scroll of recharging for 142 gold pieces
 12860 | D:6      | Bought a scroll of immolation for 52 gold pieces
 12860 | D:6      | Bought a scroll of enchant armour for 112 gold pieces
 12860 | D:6      | Bought a scroll of amnesia for 52 gold pieces
 12860 | D:6      | Bought a scroll of identify for 30 gold pieces
 12907 | D:6      | Bought a potion of brilliance for 56 gold pieces
 12907 | D:6      | Bought a potion of ambrosia for 112 gold pieces
 12910 | D:6      | Gained mutation: You are surrounded by a mild repulsion field. (EV +2) [potion of beneficial mutation]
 13495 | D:6      | Found a staircase to the Ecumenical Temple.
 13500 | Temple   | Entered the Ecumenical Temple
 13509 | Temple   | Became a worshipper of Cheibriados the Contemplative
 13930 | D:10     | Found a staircase to the Orcish Mines.
 13952 | D:10     | Reached * piety under Cheibriados
 14009 | Orc:1    | Entered Level 1 of the Orcish Mines
 14152 | Orc:1    | Reached skill level 15 in Unarmed Combat
 14440 | Orc:1    | Reached ** piety under Cheibriados
 14500 | Orc:1    | You fall through a shaft!
 14500 | Orc:2    | Entered Level 2 of the Orcish Mines
 14552 | Orc:2    | Found a roughly hewn altar of Beogh.
 14564 | Orc:2    | Found Gekhoep's Distillery.
 14580 | Orc:2    | Bought a potion of heal wounds for 65 gold pieces
 14580 | Orc:2    | Bought a potion of might for 52 gold pieces
 14580 | Orc:2    | Bought a potion of curing for 39 gold pieces
 14580 | Orc:2    | Bought a potion of curing for 39 gold pieces
 14580 | Orc:2    | Bought a potion of curing for 39 gold pieces
 14580 | Orc:2    | Bought a potion of curing for 39 gold pieces
 14580 | Orc:2    | Bought a potion of agility for 52 gold pieces
 14605 | Orc:2    | Noticed an orc warlord
 14640 | Orc:2    | Found a roughly hewn altar of Beogh.
 14640 | Orc:2    | Found Efeive's Magic Scroll Boutique.
 14664 | Orc:2    | Reached XP level 14. HP: 92/135 MP: 6/16
 14685 | Orc:2    | Bought a scroll of magic mapping for 42 gold pieces
 14731 | Orc:2    | Reached skill level 8 in Fighting
 14733 | Orc:2    | Reached *** piety under Cheibriados
 14763 | Orc:2    | Noticed Donald
 14774 | Orc:2    | Upgraded the game from 0.19-a0-1365-gb34f4cb to 0.19-a0-1384-gbb462ca
 14880 | Orc:2    | Found a roughly hewn altar of Beogh.
 14903 | Orc:2    | Found a roughly hewn altar of Beogh.
 14944 | Orc:2    | Found a roughly hewn altar of Beogh.
 15045 | Orc:2    | Killed an orc warlord
 15097 | Orc:2    | Reached **** piety under Cheibriados
 15168 | Orc:2    | Found a staircase to the Elven Halls.
 15284 | Orc:2    | Slain by Donald

Vault maps used:
D:1:      lemuel_arrival_river_bridge, serial_corexii_hall,
          corexii_hall_statues_l, corexii_hall_statues_i
D:2:      uniq_robin
D:3:      hangedman_decor_riveting
D:4:      corexii_shantytown, uniq_natasha
D:5:      first_bread, serial_shops, shop, uniq_pikel, uniq_edmund,
          uniq_eustachio
D:6:      serial_shops, nicolae_shop_temple_entry_statues_fountains, shop,
          kennysheep_mini, shop_fountains, nicolae_shop_trees,
          kennysheep_doodads
D:7:      serial_shops, kennysheep_mini_moat, moated_statue, grunt_livestock
D:9:      minmay_lair_entry_grove, uniq_erica, uniq_psyche
D:10:     erik_orc_1, uniq_harold
D:11:     minmay_cornered_nines, serial_shops,
          nicolae_shop_competitors_out_of_business, uniq_snorg
D:12:     serial_shops, shop
D:13:     serial_glass, glass_columns_a, glass_columns_b
Temple:   grunt_wide_crystal_templ
Lair:1:   serial_forest, infiniplex_forest_lined_2,
          infiniplex_forest_straight_3, infiniplex_forest_end_2,
          infiniplex_forest_lined_room_2, infiniplex_forest_lined_corner,
          infiniplex_forest_clump_tiny, infiniplex_forest_straight_4,
          grunt_megastairs_1
Lair:2:   elwin_shoals_entry_rooms, beast_lair_carwin_5
Lair:3:   minmay_snake_entry_six_corridors
Lair:4:   portal_ice_cave_entry_animals_and_master, serial_bayou_pond_d
Lair:5:   enter_volcano_3, serial_bayou_shore_a
Lair:6:   minmay_lair_end_enchanted_forest, minmay_slime_entry_eyes
Orc:1:    nicolae_orc_accident_1
Orc:2:    grunt_orc_community_town_hall, grunt_orc_community_big_house_2,
          grunt_orc_community_big_house_1, grunt_orc_community_house_2,
          grunt_orc_community_house_1, grunt_orc_community_house_1,
          grunt_orc_community_house_1, basic_altar, statue_in_the_mist_lemuel,
          elves_outpost_lemuel, uniq_donald
IceCv:    ice_cave_caverns_02
Volcano:  volcano_tomb

Skill      XL: |  1  2  3  4  5  6  7  8  9 10 11 12 13 14 |
---------------+-------------------------------------------+-----
Unarmed Combat | 1 2 3 4 5 8 10 11 12 13 15 | 15.4
Conjurations   | 1 3 |  3.0
Poison Magic   | 1 2 3 |  3.0
Air Magic      | 1 3 4 5 |  5.0
Dodging        | 2 3 5 6 |  6.8
Fighting       | 1 3 4 5 6 7 8 |  8.2
Translocations | 1 2 4 5 |  5.0
Hexes          | 2 3 4 5 |  5.0
Shields        | 1 4 |  4.8
Stealth        | |  1.1
Spellcasting   | |  2.9
Summonings     | |  0.6

Action                   |  1- 3 |  4- 6 |  7- 9 | 10-12 | 13-15 || total
-------------------------+-------+-------+-------+-------+-------++-------
Melee: Unarmed           |   109 |   243 |   331 |   795 |   848 ||  2326
       Punch             |       |     1 |    15 |    55 |    20 ||    91
Throw: Large rock        |       |       |       |     3 |       ||     3
       Tomahawk          |       |       |       |     1 |       ||     1
 Cast: Mephitic Cloud    |       |     2 |     8 |    39 |    18 ||    67
       Blink             |       |     2 |     1 |     3 |    10 ||    16
       Repel Missiles    |       |       |     1 |     4 |     2 ||     7
       Confusing Touch   |       |       |     1 |    13 |    16 ||    30
       Apportation       |       |       |       |    23 |    10 ||    33
       Magic Dart        |       |       |       |     1 |       ||     1
 Abil: Evoke Berserk Rag |       |       |     1 |     6 |     1 ||     8
Evoke: Wand              |       |       |       |     4 |     2 ||     6
       Phial of floods   |       |       |       |       |     1 ||     1
  Use: Potion            |       |       |     1 |       |     7 ||     8
       Scroll            |       |       |       |     7 |    17 ||    24
 Stab: Sleeping          |     1 |     5 |     7 |     5 |       ||    18
       Confused          |       |     4 |     4 |    20 |    18 ||    46
       Invisible         |       |       |     4 |       |     1 ||     5
       Paralysed         |       |       |       |     1 |       ||     1
       Distracted        |       |       |       |       |     1 ||     1
  Eat: Chunk             |     9 |    14 |    33 |    69 |    48 ||   173
Armor: Robe              |    79 |    95 |    81 |   273 |   124 ||   652
       Ice dragon hide   |       |       |       |    12 |    88 ||   100
       Skin              |       |       |       |       |    25 ||    25
Dodge: Dodged            |    89 |   111 |   125 |   368 |   346 ||  1039
       Deflected         |       |       |       |    14 |     9 ||    23
Block: Shield            |       |       |       |       |   215 ||   215
